 Dungeon Crawl Stone Soup version 0.25.1-2-g60ff931df9 (webtiles) character file.

Game seed: 1632562716949536671

212 lorenzova the Conjurer (level 5, -1/28 HPs)
             Began as a Deep Elf Conjurer on Sept 16, 2020.
             Was an Initiate of Vehumet.
             Succumbed to Crazy Yiuf's poison
             ... on level 3 of the Dungeon.
             The game lasted 00:03:58 (3551 turns).

lorenzova the Conjurer (Deep Elf Conjurer)          Turns: 3551, Time: 00:03:59

Health: -1/28      AC:  4    Str:  5    XL:     5   Next: 58%
Magic:  8/15       EV: 13    Int: 21    God:    Vehumet [......]
Gold:   106        SH:  0    Dex: 15    Spells: 12/15 levels left

rFire    + . .     SeeInvis .   p - +0 dagger
rCold    . . .     Gourm    .   (no shield)
rNeg     . . .     Faith    .   u - +2 robe {rF+}
rPois    .         Spirit   .   (no helmet)
rElec    .         Reflect  .   (no cloak)
rCorr    +         Harm     .   (no gloves)
MR       .....                  (no boots)
Stlth    +++.......             (no amulet)
HPRegen  0.09/turn              d - ring of resist corrosion
MPRegen  0.14/turn              s - ring of stealth

@: lethally poisoned (-1 -> -25)
A: no striking features
a: Renounce Religion


You were on level 3 of the Dungeon.
You worshipped Vehumet.
Vehumet was noncommittal.
You were hungry.

You visited 1 branch of the dungeon, and saw 3 of its levels.

You collected 106 gold pieces.

Inventory:

Hand Weapons
 p - a +0 dagger (weapon)
Armour
 a - a +0 robe
 u - a +2 robe of fire resistance (worn)
Jewellery
 d - a ring of resist corrosion (left hand)
 i - a cursed amulet of inaccuracy {unknown}
 s - a ring of stealth (right hand)
Wands
 g - a wand of disintegration (14)
 n - a wand of random effects (20)
 r - a wand of clouds (6)
 w - a wand of acid (5)
Scrolls
 b - a scroll of teleportation {unknown}
 e - 2 scrolls of enchant weapon {unknown}
 h - a scroll of fog {unknown}
 j - a scroll of magic mapping {unknown}
 m - a scroll of remove curse
 q - 3 scrolls of identify
 t - a scroll of amnesia {unknown}
 v - a scroll of random uselessness {unknown}
Potions
 f - a potion of lignification
 k - 2 potions of cancellation {unknown}
 l - a potion of ambrosia {unknown}
 o - a potion of magic {unknown}
Comestibles
 c - 11 rations


   Skills:
 - Level 2.4 Dodging
 - Level 2.4 Stealth
 + Level 5.9 Spellcasting
 + Level 6.2 Conjurations


You had 12 spell levels left.
You knew the following spells:

 Your Spells              Type           Power        Failure   Level  Hunger
a - Magic Dart            Conj           ####         1%          1    None
z - Searing Ray           Conj           ####..       1%          2    None

Your spell library contained the following spells:

 Spells                   Type           Power        Failure   Level  Hunger
 Dazzling Flash           Conj/Hex       ###...       9%          3    ##.....
 Animate Skeleton         Necr           N/A          10%         1    None
 Apportation              Tloc           #.....       10%         1    None
 Corona                   Hex            #......      10%         1    None
 Summon Small Mammal      Summ           #...         10%         1    None
 Fulminant Prism          Conj/Hex       ###.......   26%         4    ####...
 Iskenderun's Mystic Bla  Conj/Tloc      ###.....     26%         4    ####...


Dungeon Overview and Level Annotations

Branches:
Dungeon (3/15)

Altars:
Elyvilon
Makhleb
Nemelex Xobeh
Vehumet


Message History

Crazy Yiuf freezes you.
The searing ray hits Crazy Yiuf.
Crazy Yiuf is severely wounded.
The searing ray misses Crazy Yiuf.
Crazy Yiuf barely misses you.
The searing ray misses Crazy Yiuf.
You finish channeling your searing ray.
Crazy Yiuf laughs, "Goober ena snail!"
Crazy Yiuf hits you with a +2 quarterstaff of chaos!
Ouch! That really hurt!
* * * LOW HITPOINT WARNING * * *
You are lethally poisoned!
Casting: Searing Ray (safe; 1% risk of failure)
Confirm with . or Enter, or press ? or * to list all spells.
Aiming: Searing Ray (safe; 1% risk of failure)
Press: ? - help, Shift-Dir - straight line, f/p - Crazy Yiuf
Aim: Crazy Yiuf, wielding a +2 quarterstaff of chaos and wearing a +0 cloak (severely wounded)
The searing ray hits Crazy Yiuf!
You kill Crazy Yiuf!
Vehumet accepts your kill. (Press . to maintain the ray.)
You die...

#..##.# #..........########.#.#.
...##.####................#..#.#.
#.#.....#...#############.#..#.#.
#.....#.##### #.#.##.#. #...###.#
#.#.##.#. #.....#.#
♣♣♣♣♣##.#.##.## ..#####># ###
♣♣♣.♣.....#.##.## ..# #...#
#...#♣..♣..P...#.##.#. .####.###
#...)@♣♣♣♣PP.....##.## .'....#
#)..#♣♣ ♣♣P......#.## .#########
### ♣♣##..###... .....##..#
#..###### .....##..# #..##...)
.....##..### #########)..#.##.
.....##....######......##.#...##.
#######................'....).###
##.....######.....##..######


There were no monsters in sight!

Vanquished Creatures
  Crazy Yiuf (D:3)
  Ijyb (D:3)
  Jessica (D:3)
  Natasha (D:3)
  3 adders (D:2)
  An ooze (D:2)
  3 worms (D:2)
  2 dart slugs
  2 leopard geckos
  3 orcs (D:3)
  A giant cockroach (D:3)
  9 goblins
  5 hobgoblins
  3 jackals (D:2)
  A quokka (D:3)
  A ball python (D:2)
  8 bats
  3 frilled lizards
  3 kobolds
  A quokka skeleton (D:2)
  8 rats
61 creatures vanquished.

Notes
Turn   | Place    | Note
-------+----------+-------------------------------------------
     0 | D:1      | lorenzova the Deep Elf Conjurer began the quest for the
                  | Orb.
     0 | D:1      | Reached XP level 1. HP: 10/10 MP: 6/6
   263 | D:1      | Reached XP level 2. HP: 15/15 MP: 4/8
   267 | D:1      | Learned a level 2 spell: Searing Ray
  1222 | D:2      | Reached skill level 5 in Conjurations
  1222 | D:2      | Reached XP level 3. HP: 16/19 MP: 5/10
  1276 | D:2      | Found a white marble altar of Elyvilon.
  1587 | D:2      | Found a faded altar of an unknown god.
  1650 | D:2      | Found a sparkling altar of Nemelex Xobeh.
  1915 | D:2      | Reached XP level 4. HP: 19/24 MP: 7/12
  2537 | D:3      | Noticed Ijyb
  2544 | D:3      | Killed Ijyb
  2544 | D:3      | Reached skill level 5 in Spellcasting
  2648 | D:3      | Found a burning altar of Makhleb.
  2648 | D:3      | Noticed a blizzard demon
  2814 | D:3      | Found a runed translucent door.
  2815 | D:3      | Noticed Crazy Yiuf
  2855 | D:3      | Noticed Natasha
  2861 | D:3      | Killed Natasha
  2861 | D:3      | Reached XP level 5. HP: 23/28 MP: 8/14
  2919 | D:3      | Noticed Jessica
  2923 | D:3      | Killed Jessica
  2923 | D:3      | Reached skill level 6 in Conjurations
  3003 | D:3      | Found a radiant altar of Vehumet.
  3091 | D:3      | Became a worshipper of Vehumet
  3550 | D:3      | HP: 1/28 [Crazy Yiuf/+2 quarterstaff of chaos (15)]
  3551 | D:3      | Killed Crazy Yiuf
  3551 | D:3      | Succumbed to Crazy Yiuf's poison

Illustrated notes

Levels and vault maps discovered:
D:1:      ncdulo_smallfort, layout_loops_ring
D:2:      layout_basic, elyvilon_altar_5, nemelex_xobeh_ov_fountains_minmay,
          chequers_ecumenical_altar_simple_redux
D:3:      layout_basic, fiery_altar_vehumet, makhleb_altar_promises_db,
          uniq_jessica, uniq_natasha, uniq_ijyb, uniq_crazy_yiuf_cottage

Skill      XL: |  1  2  3  4  5 |
---------------+----------------+-----
Spellcasting   | 4 5 |  5.9
Conjurations   | 5 6 |  6.2
Dodging        | |  2.4
Stealth        | |  2.4

Action                   |  1- 3 |  4- 6 || total
-------------------------+-------+-------++-------
Melee: Unarmed           |     6 |       ||     6
 Cast: Magic Dart        |    98 |    33 ||   131
       Searing Ray       |     2 |     6 ||     8
  Use: Scroll            |     2 |       ||     2
  Eat: Chunk             |     3 |     4 ||     7
Armor: Robe              |     5 |     1 ||     6
Dodge: Dodged            |    12 |     2 ||    14
